 Dungeon Crawl Stone Soup version 0.32-a0-765-gfba4d74c8c (webtiles) character file.

Game seed: 2575688769912806127

191 Dirol the Slasher (level 5, -8/45 HPs)
             Began as an Armataur Monk on Mar 18, 2024.
             Was a Priest of Zin.
             Mangled by Duvessa
             ... wielding a +0 rapier
              (14 damage)
             ... on level 4 of the Dungeon.
             The game lasted 00:06:01 (2003 turns).

Dirol the Slasher (Armataur Monk)                   Turns: 2003, Time: 00:06:02

Health: -8/45      AC:  3    Str: 20    XL:     5   Next: 42%
Magic:  2/5        EV:  9    Int: 11    God:    Zin [***...]
Gold:   81         SH:  0    Dex: 13    Spells: 4/4 levels left

rFire   . . .        a - +1 falchion
rCold   . . .        d - orb {light}
rNeg    + . .        (no body armour)
rPois   ∞            (no helmet)
rElec   .            (no cloak)
rCorr   .            (no gloves)
SInv    .            (no barding)
Will    .....        (no amulet)
Stlth   +            s - ring of flight
HPRegen 0.27/turn    h - ring of positive energy
MPRegen 0.09/turn

%: roll
@: vitalised, flying, glowing
A: large, deformed body, tough skin 3, armoured tail, rollpage 1
a: Renounce Religion, Recite, Vitalisation, Imprison, Donate Gold


You were on level 4 of the Dungeon.
You worshipped Zin.
Zin was most pleased with you.
You visited 1 branch of the dungeon, and saw 4 of its levels.

You collected 89 gold pieces.
You donated 8 gold pieces to Zin.

Inventory:

Hand Weapons
 a - a +1 falchion (weapon)
Armour
 b - a +0 robe
 d - an orb of light (worn)
 i - a +0 plate armour
Jewellery
 f - a ring of fire
 h - a ring of positive energy (right hand)
 s - a ring of flight (left hand)
Scrolls
 m - a scroll of amnesia
Potions
 c - a potion of ambrosia
 e - 2 potions of brilliance
 l - a potion of cancellation {unknown}
 n - a potion of resistance {unknown}
 p - a potion of magic {unknown}
 q - a potion of mutation {unknown}


   Skills:
 + Level 3.2 Fighting
 * Level 4.9 Long Blades
 * Level 2.1 Armour
 - Level 2.1 Dodging
 + Level 0.1 Invocations


You had 4 spell levels left.
You didn't know any spells.
Your spell library contained the following spells:

 Spells                   Type           Power      Damage    Failure   Level
 Gell's Gravitas          Tloc           0%         N/A       71%         3
 Teleport Other           Tloc           0%         N/A       71%         3
 Dispersal                Tloc           0%         N/A       100%        6


Dungeon Overview and Level Annotations

Branches:
Dungeon (4/15)
 Temple: D:4-7

Altars:
Xom
Zin

Annotations:
D:4 Dowan, Duvessa


Innate Abilities, Weirdness & Mutations

Armour fits poorly on your strangely shaped body.
You have extremely tough skin. (AC +3)
You have a long armoured tail.
You regenerate magic when rolling toward enemies. (Rampage MPRegen)


Message History

The ogre appears confused.
You release spores at the ogre.
The ogre is lightly wounded.
The ogre misses you.
You barely miss the ogre.
The ogre is lightly wounded.
You stop sporulating.
Your +1 falchion unmelds from your body.
Your orb of light unmelds from your body.
The ogre cries.
The ogre barely misses you.
You hit the ogre. You tail-slap the ogre.
The ogre is moderately wounded.
Zin grants you divine stamina.
The ogre looks very confused.
The ogre closely misses you.
The ogre hits itself with a +0 giant club!!
The ogre is killed!
Duvessa hits you with a +0 rapier!
Your Armour skill increases to level 2!
You have reached level 5!
You feel better. The dart slug launches a dart at you. The slug dart hits you.
You hit Dowan but do no damage. Duvessa hits you with a +0 rapier!
Dowan points at Duvessa and mumbles some strange words.
Duvessa seems to speed up.
Okay, then.
You feel better. Duvessa hits you with a +0 rapier!
Dowan hits you with a +0 dagger.
* * * LOW HITPOINT WARNING * * *
You hit Dowan.
Dowan is lightly wounded.
Duvessa hits you with a +0 rapier.
* * * LOW HITPOINT WARNING * * *
The dart slug launches a dart at you. The slug dart hits you.
* * * LOW HITPOINT WARNING * * *
Duvessa hits you with a +0 rapier!
You die...

.........<...e...
.................
...
...###....#.$....
...
..###....##......
... .# #...###
#...# ..# .
#..###
##..[###..###
.#..#
#............ ##.
#....ew......
#...e@)......
##.<..##.####
#....# #........
..........#
...........#
.............#
.............+
.............#


You could see Duvessa (fast), Dowan and a dart slug.

Vanquished Creatures
  An ogre (D:4)
  Ijyb (D:4)
  4 adders
  A ribbon worm (D:3)
  An orc (D:3)
  5 endoplasms
  2 giant cockroaches
  6 goblins
  5 hobgoblins
  2 jackals (D:3)
  6 ball pythons
  3 bats
  A frilled lizard (D:2)
  6 kobolds
  7 rats
51 creatures vanquished.

Vanquished Creatures (others)
  A goblin (D:3)
  A frilled lizard (D:3)
  A kobold (D:3)
  A rat (D:3)
4 creatures vanquished.

Grand Total: 55 creatures vanquished

Notes
Turn   | Place    | Note
-------+----------+-------------------------------------------
     0 | D:1      | Dirol the Armataur Monk began the quest for the Orb.
     0 | D:1      | Reached XP level 1. HP: 18/18 MP: 1/1
   149 | D:1      | Reached skill level 3 in Long Blades
   155 | D:1      | Reached XP level 2. HP: 25/25 MP: 2/2
   329 | D:1      | Found a faded altar of an unknown god.
   357 | D:1      | Prayed at the altar of an unknown god.
   357 | D:1      | Became a worshipper of Zin the Law-Giver
   357 | D:1      | Reached * piety under Zin
   357 | D:1      | Reached ** piety under Zin
   423 | D:1      | Reached skill level 1 in Armour
   696 | D:2      | You fall into a shaft and drop 2 floors!
   703 | D:4      | Noticed Dowan
   703 | D:4      | Noticed Duvessa
   724 | D:2      | Reached *** piety under Zin
   806 | D:2      | Reached XP level 3. HP: 28/30 MP: 3/3
  1493 | D:3      | Reached skill level 4 in Long Blades
  1493 | D:3      | Reached XP level 4. HP: 24/38 MP: 4/4
  1671 | D:3      | Found a shimmering altar of Xom.
  1976 | D:4      | Noticed Ijyb
  1980 | D:4      | Noticed an ogre
  1994 | D:4      | Killed Ijyb
  1999 | D:4      | Killed an ogre
  2000 | D:4      | Reached XP level 5. HP: 17/45 MP: 2/5
  2003 | D:4      | Mangled by Duvessa

Illustrated notes

Levels and vault maps discovered:
D:1:      evilmike_arrival_hilbert_curve, layout_rooms,
          ebering_ecumenical_altar_mist, minmay_pentomino_o2
D:2:      layout_basic
D:3:      layout_rooms, xom_confusion_cloud, serial_corexii_hall,
          corexii_hall_statues_t, chequers_hall_statues_corner_a
D:4:      layout_gridville, makhleb_blood_cavern_becter,
          nicolae_sif_muna_condensation, supply_closet_lemuel, uniq_pargi,
          uniq_duvessa, uniq_ijyb

Skill      XL: |  1  2  3  4 |
---------------+-------------+-----
Long Blades    | 3 4 |  4.9
Armour         | 1 2 |  2.1
Fighting       | 3 |  3.2
Dodging        | |  2.1
Invocations    | |  0.1

Action                     |  1- 3 |  4- 6 || total
---------------------------+-------+-------++-------
  Melee: Falchion          |    84 |    24 ||   108
         Tailslap          |     9 |     4 ||    13
         Unarmed           |       |    14 ||    14
 Invoke: Vitalisation      |       |     1 ||     1
    Use: Scroll            |       |     7 ||     7
         Potion            |       |     2 ||     2
 Armour: Robe              |    16 |       ||    16
         Skin              |    40 |    30 ||    70
  Dodge: Dodged            |    38 |    21 ||    59

Table legend: (Time is in decaauts)
 A = Elapsed time spent in this place.
 B = Non-inter-level travel time spent in this place.
 C = Inter-level travel time spent in this place.
 D = Time resting spent in this place.
 E = Time spent auto-exploring this place.
 F = Levels seen in this place.
 G = Mean time per level.
                   A        B        C        D        E       F      G
               +--------+--------+--------+--------+--------+-----+--------+
         Total |   2013 |   1947 |     66 |      0 |   1649 |   4 |  503.2 |
       Dungeon |   2013 |   1947 |     66 |      0 |   1649 |   4 |  503.2 |
               +--------+--------+--------+--------+--------+-----+--------+

Top non-repeatable levels by time:
     D:1: 685 daAuts
     D:3: 648 daAuts
     D:2: 644 daAuts
     D:4: 36 daAuts
